AoeStats
← Robin5hood

Arabia

505834495Analyzed
1v1 RM · 22d ago on Sep 11, 2026· 20m 14s· 2 players
Game mode
Random Map
Map size
Tiny (2 player)
Population
200
Speed
Normal
Resources
Standard
Victory
Conquest
Starting age
Dark Age
Ending age
Imperial Age
RankedLock teamsTeams togetherTeam positionsShared explorationLock speedFull tech treeHidden civsTurbo modeCheats
Victory
Defeat
1656
+14
🇵🇱 Khitans · Poland
1613
-14
Robin5hood
6:02 Loom
6:16 Loom
10:01 Feudal Age
10:42 Man-at-Arms
12:55 Arson
13:48 Double-Bit Axe
15:27 Forging
16:48 Domestication
17:09 Fletching
18:06 Wheelbarrow
21:49 Castle Age
20:24 Scale Barding Armor
14' screen laptop kboard & wifi
8:22 Feudal Age
9:04 Double-Bit Axe
9:00 Horse Collar
15:27 Wheelbarrow
18:53 Castle Age
18:36 Fletching
18:43 Gold Mining
19:06 Crossbowman
19:53 Bodkin Arrow
Connection lost

Rejoining the realm…

Still unreachable

The connection could not be restored.

Session expired

The server has moved on; the page needs a fresh start.